 Dungeon Crawl Stone Soup version 0.18-b1-22-ge198996 (webtiles) character file.

3756 oplop the Transmogrifier (level 10, -24/91 HPs)
             Began as a Merfolk Transmuter on May 4, 2016.
             Killed from afar by a steam dragon (25 damage)
             ... with a ball of steam
             ... on level 7 of the Dungeon.
             The game lasted 00:20:06 (6385 turns).

oplop the Transmogrifier (Merfolk Transmuter)       Turns: 6385, Time: 00:20:07

Health: -24/91     AC:  6    Str: 12    XL:     10   Next: 15%
Magic:  19/23      EV: 15    Int: 13    God:
Gold:   189        SH:  0    Dex: 16    Spells: 3 memorised, 7 levels left

rFire  x . .     SeeInvis .       - Unarmed
rCold  + + +     Gourm    +     (armour currently unavailable)
rNeg   . . .     Faith    .     (shield currently unavailable)
rPois  +         Spirit   .     (helmet currently unavailable)
rElec  .         Dismiss  .     (cloak currently unavailable)
rCorr  .         Reflect  .     (gloves currently unavailable)
SustAt .         Harm     .     (boots currently unavailable)
MR     .....                    F - amulet of the gourmand
Stlth  +.........               k - ring of protection from cold
                                o - ring of magical power

@: ice-form, not resistant to hostile enchantments, very unstealthy
A: (change form in water), (swift swim)
a: End Transformation


You were on level 7 of the Dungeon.
You were not hungry.
You were a creature of crystalline ice.
You visited 2 branches of the dungeon, and saw 8 of its levels.

You collected 289 gold pieces.
You spent 100 gold pieces at shops.

Inventory:

Hand Weapons
 E - the +8 battleaxe of Popular Demand {chop, rF- rC+++ Dex-2 SInv}
   (You found it on level 7 of the Dungeon)

   It inflicts extra damage upon your enemies.
   It affects your dexterity (-2).
   It makes you vulnerable to fire.
   It renders you almost immune to cold.
   It lets you see invisible.
Missiles
 a - 211 arrows
Armour
 b - a +1 robe (melded)
 g - a +0 pair of gloves (melded)
 t - a +0 pair of boots
 I - the cursed +0 pair of boots "Fout" (melded) {Dex+3 SInv}
   (You found it on level 7 of the Dungeon)

   It affects your dexterity (+3).
   It lets you see invisible.
   It has a curse placed upon it.
Jewellery
 k - a ring of protection from cold (right front paw)
 o - a ring of magical power (left front paw)
 q - an uncursed ring of magical power
 F - an amulet of the gourmand (around neck)
Scrolls
 h - a scroll of enchant armour
 i - 3 scrolls of remove curse
 l - a scroll of fear
 m - 2 scrolls of recharging
 p - 2 scrolls of identify
 y - a scroll of magic mapping
 D - 2 scrolls of teleportation {unknown}
 G - a scroll of silence {unknown}
 H - a scroll of fog {unknown}
Potions
 e - a potion of magic {unknown}
 j - 2 potions of cancellation
 r - a potion of cure mutation {unknown}
 s - 3 potions of curing
 u - a potion of ambrosia
 v - a potion of lignification {unknown}
 w - 2 potions of heal wounds {unknown}
 x - a potion of flight
 z - a potion of invisibility {unknown}
 B - a potion of berserk rage {unknown}
 C - a potion of might
Books
 c - a book of Changes

   Spells                             Type                      Level
   a - Beastly Appendage              Transmutation                1
   b - Sticks to Snakes               Transmutation                2
   c - Spider Form                    Transmutation/Poison         3
   d - Ice Form                       Ice/Transmutation            4
   e - Blade Hands                    Transmutation                5
 A - a book of Misfortune

   Spells                             Type                      Level
   a - Confusing Touch                Hexes                        2
   b - Confuse                        Hexes                        3
   c - Gell's Gravitas                Hexes/Translocation          3
   d - Petrify                        Transmutation/Earth          4
   e - Metabolic Englaciation         Hexes/Ice                    5
   f - Yara's Violent Unravelling     Hexes/Transmutation          5
Comestibles
 d - 5 bread rations
 f - 3 slices of pizza
 n - 5 meat rations


   Skills:
 + Level 6.2 Fighting
 + Level 8.5 Dodging
 + Level 7.1 Unarmed Combat
 - Level 3.3 Spellcasting
 * Level 10.8 Transmutations
 - Level 5.3 Ice Magic


You had 7 spell levels left.
You knew the following spells:

 Your Spells              Type           Power        Failure   Level  Hunger
a - Beastly Appendage     Trmt           ####..       1%          1    #......
b - Spider Form           Trmt/Pois      ###.......   10%         3    ###....
c - Ice Form              Ice/Trmt       ###.....     12%         4    #####..


Dungeon Overview and Level Annotations

Branches:
Dungeon (7/15)             Temple (1/1) D:4

Altars:
Ashenzari
Dithmenos
Fedhas
Gozag
Kikubaaqudgha
Makhleb
Nemelex Xobeh
Okawaru
Qazlal
Ru
Sif Muna
Vehumet
Xom
The Shining One

Shops:
D:4 }   D:5 !


Message History

The steam dragon breathes steam at you. The ball of steam hits you!
The steam scalds you terribly!
You hit the steam dragon. You freeze the steam dragon.
The steam dragon is lightly wounded.
You are engulfed in a cloud of scalding steam.
The steam dragon breathes steam at you. The ball of steam hits you!
The steam scalds you terribly!
* * * LOW HITPOINT WARNING * * *
You punch the steam dragon! You freeze the steam dragon.
The steam dragon is heavily wounded.
You are engulfed in a cloud of scalding steam.
* * * LOW HITPOINT WARNING * * *
The steam dragon bites you but does no damage.
The steam dragon closely misses you.
You hit the steam dragon but do no damage.
The steam dragon is heavily wounded.
You are engulfed in a cloud of scalding steam.
The steam dragon breathes steam at you. The ball of steam hits you!
The steam scalds you terribly!
You die...

##..##.#.#.# #......# #.#.
#..##.#.#.# ##.....# #.#.
#..##.#...# #.#...# #.#.
#...(.<...# #.#...# #...
##.#.####'######.##..#####
###.
.............#.##...#..#
#. ..
................###.# #.
...............# #.# #.
.o.......Y.....# #.## #.
.........D.....# #..# #.
...............# ##.## #.
...............# #..# #.
.o.............# #..## #.
...............# #...# #.
#########......# #.#.###.
#![....# #.#..##. ##S#####
##.......


You could see a steam dragon.

Vanquished Creatures
  Pikel (D:7)
  Prince Ribbit (D:6)
  6 spriggans (D:5)
  Sigmund (D:4)
  A sky beast (D:7)
  2 slaves (D:7)
  A phantom (D:5)
  An ogre (D:4)
  A necrophage (D:5)
  2 centaurs (D:5)
  2 giant frogs (D:6)
  2 scorpions (D:5)
  3 killer bees (D:7)
  A howler monkey (D:4)
  5 crimson imps
  A giant frog zombie (D:5)
  2 centaur zombies (D:7)
  3 jellies
  6 hounds
  4 orc priests
  2 iguanas
  5 worker ants
  A hound skeleton (D:6)
  Robin (D:3)
  A gnoll (D:1)
  2 howler monkey skeletons
  10 adders
  A shadow imp (D:6)
  5 worms
  2 dart slugs (D:1)
  3 giant geckos
  16 orcs
  A ball python (D:5)
  5 bats
  5 giant cockroaches
  18 goblins
  11 hobgoblins
  12 jackals
  A quokka (D:5)
  6 giant newts
  A jackal zombie (D:5)
  12 kobolds
  9 rats
176 creatures vanquished.

Vanquished Creatures (others)
  2 slaves (D:7)
  An orc (D:7)
3 creatures vanquished.

Grand Total: 179 creatures vanquished

Notes
Turn   | Place    | Note
--------------------------------------------------------------
     0 | D:1      | oplop the Merfolk Transmuter began the quest for the Orb.
     0 | D:1      | Reached XP level 1. HP: 15/15 MP: 3/3
    52 | D:1      | Reached skill level 3 in Transmutations
    58 | D:1      | Reached XP level 2. HP: 21/21 MP: 3/5
   349 | D:1      | Reached XP level 3. HP: 24/26 MP: 4/6
   851 | D:2      | Learned a level 3 spell: Spider Form
  1073 | D:2      | Reached XP level 4. HP: 32/32 MP: 8/8
  1136 | D:2      | Reached skill level 4 in Transmutations
  1391 | D:3      | Found a glowing drain.
  1754 | D:2      | Reached XP level 5. HP: 15/37 MP: 9/9
  1941 | D:2      | Learned a level 4 spell: Ice Form
  2360 | D:3      | Found a shimmering altar of Xom.
  2377 | D:3      | Reached skill level 1 in Ice Magic
  2377 | D:3      | Reached XP level 6. HP: 35/44 MP: 10/10
  2523 | D:3      | Reached skill level 5 in Dodging
  2600 | D:3      | Noticed Robin
  2611 | D:3      | Killed Robin
  2611 | D:3      | Reached skill level 5 in Transmutations
  3281 | D:3      | Reached XP level 7. HP: 51/51 MP: 11/11
  3332 | D:4      | Found a shattered altar of Ashenzari.
  3373 | D:4      | Noticed Sigmund
  3384 | D:4      | Killed Sigmund
  3501 | D:4      | Found a blossoming altar of Fedhas.
  3805 | D:4      | Found Ystruh's Gadget Emporium.
  3836 | D:4      | Reached skill level 6 in Transmutations
  3901 | D:4      | Found a staircase to the Ecumenical Temple.
  3906 | Temple   | Entered the Ecumenical Temple
  4018 | D:5      | Entered Level 5 of the Dungeon
  4024 | D:5      | Reached XP level 8. HP: 42/59 MP: 12/12
  4252 | D:5      | Reached skill level 5 in Unarmed Combat
  4305 | D:5      | Found Luulah's Distillery.
  4317 | D:5      | Reached skill level 7 in Transmutations
  4324 | D:5      | Bought a potion of might for 40 gold pieces
  4324 | D:5      | Bought a potion of curing for 30 gold pieces
  4324 | D:5      | Bought a potion of curing for 30 gold pieces
  4637 | D:5      | Noticed a spriggan
  4637 | D:5      | Noticed a spriggan
  4659 | D:5      | Killed a spriggan
  4659 | D:5      | Reached skill level 8 in Transmutations
  4690 | D:5      | Killed a spriggan
  4690 | D:5      | Reached XP level 9. HP: 50/66 MP: 13/13
  4716 | D:5      | Reached skill level 5 in Fighting
  4716 | D:5      | Reached skill level 5 in Ice Magic
  4771 | D:5      | Reached skill level 9 in Transmutations
  5273 | D:6      | Noticed Prince Ribbit
  5283 | D:6      | Killed Prince Ribbit
  5738 | D:7      | Got a translucent battleaxe
  5740 | D:7      | Identified the +8 battleaxe of Popular Demand {chop, rF- rC+++ Dex-2 SInv} (You found it on level 7 of the Dungeon)
  5913 | D:7      | Reached skill level 10 in Transmutations
  6074 | D:7      | Noticed Pikel
  6100 | D:7      | Killed Pikel
  6100 | D:7      | Reached XP level 10. HP: 76/76 MP: 14/14
  6342 | D:7      | Got a pair of translucent boots
  6353 | D:7      | Identified the cursed +0 pair of boots "Fout" {Dex+3 SInv} (You found it on level 7 of the Dungeon)
  6384 | D:7      | HP: 1/91 [steam dragon] (9)]
  6385 | D:7      | Killed from afar by a steam dragon

Skill      XL: |  1  2  3  4  5  6  7  8  9 |
---------------+----------------------------+-----
Transmutations | 3 4 5 6 8 10 | 10.8
Dodging        | 3 4 5 6 8 |  8.5
Spellcasting   | 3 |  3.3
Ice Magic      | 1 2 3 4 5 |  5.3
Fighting       | 2 3 4 6 |  6.2
Unarmed Combat | 4 5 7 |  7.1

Action                   |  1- 3 |  4- 6 |  7- 9 | 10-12 || total
-------------------------+-------+-------+-------+-------++-------
Melee: Unarmed           |   100 |   262 |   267 |    19 ||   648
       Headbutt          |    13 |     5 |       |       ||    18
       Punch             |       |     2 |     1 |       ||     3
       Battleaxe         |       |       |     1 |       ||     1
 Cast: Beastly Appendage |    16 |     6 |       |       ||    22
       Spider Form       |     3 |    32 |    19 |     1 ||    55
       Ice Form          |       |       |    18 |     2 ||    20
  Use: Scroll            |       |     7 |     5 |       ||    12
       Potion            |       |     3 |       |     1 ||     4
 Stab: Sleeping          |       |     1 |     2 |       ||     3
       Distracted        |       |     1 |       |       ||     1
       Invisible         |       |     1 |       |       ||     1
  Eat: Chunk             |     2 |    12 |    15 |     3 ||    32
       Beef jerky        |       |       |     2 |       ||     2
Armor: Robe              |    15 |    14 |    11 |       ||    40
       Skin              |       |     8 |    27 |     3 ||    38
Dodge: Dodged            |    63 |   250 |   197 |    10 ||   520
